 Dungeon Crawl Stone Soup version 0.26.1-11-gd32895ea62 (webtiles) character file.

Game seed: 14366173121320889070

437 ubername the Slasher (level 7, -3/55 HPs)
             Began as a Barachi Berserker on June 2, 2021.
             Was a Priest of Trog.
             Slain by an orc wizard
             ... wielding a +2 dagger of venom
              (5 damage)
             ... on level 4 of the Dungeon.
             The game lasted 00:06:02 (3827 turns).

ubername the Slasher (Barachi Berserker)            Turns: 3827, Time: 00:06:03

Health: -3/55      AC:  8    Str: 19    XL:     7   Next: 1%
Magic:  7/7        EV: 11    Int:  7    God:    Trog [***...]
Gold:   136        SH:  4    Dex: 13    Spells: 6/6 levels left

rFire    . . .     SeeInvis .   a - +0 falchion
rCold    . . .     Faith    .   f - +0 buckler
rNeg     . . .     Spirit   .   d - +0 scale mail
rPois    .         Reflect  .   (no helmet)
rElec    .         Harm     .   (no cloak)
rCorr    .         Rampage  .   g - +0 pair of gloves
Will     .....                  (no boots)
Stlth    ..........             (no amulet)
HPRegen  0.18/turn              (no ring)
MPRegen  0.10/turn              (no ring)

@: lethally poisoned (-3 -> -32), berserk cooldown, slow
A: +LOS, swims, slowness 1, strong legs 1
a: Hop, Renounce Religion, Berserk, Trog's Hand


You were on level 4 of the Dungeon.
You worshipped Trog.
Trog was most pleased with you.
You visited 1 branch of the dungeon, and saw 4 of its levels.

You collected 136 gold pieces.

Inventory:

Hand Weapons
 a - a +0 falchion (weapon)
Armour
 d - a +0 scale mail (worn)
 f - a +0 buckler (worn)
 g - a +0 pair of gloves (worn)
 p - a +0 chain mail
Wands
 k - a wand of acid (7)
Scrolls
 b - 4 scrolls of identify
 c - 3 scrolls of enchant armour {unknown}
 j - a scroll of fear
 m - a scroll of fog
Potions
 e - a potion of degeneration {unknown}
 i - a potion of haste {unknown}
 l - a potion of flight
 n - a potion of attraction {unknown}
 o - 2 potions of curing


   Skills:
 + Level 4.8 Fighting
 + Level 7.1 Long Blades
 + Level 3.8 Armour
 + Level 3.5 Dodging
 + Level 0.8 Stealth
 + Level 1.0 Shields


You had 6 spell levels left.
You didn't know any spells.
Your spell library was empty.

Dungeon Overview and Level Annotations

Branches:
Dungeon (4/15)
 Temple: D:4-7

Altars:


Innate Abilities, Weirdness & Mutations

You can be seen from farther away. (+LOS)
You can swim through water.
You cover ground slowly.
You can hop short distances.


Message History

You are lethally poisoned!
You barely miss something.
You feel yourself speed up.
* * * LOW HITPOINT WARNING * * *
You feel sick. Something hits you but does no damage.
You hit something.
* * * LOW HITPOINT WARNING * * *
You feel sick. Something hits you.
* * * LOW HITPOINT WARNING * * *
You are more poisoned.
You hit something but do no damage.
* * * LOW HITPOINT WARNING * * *
You feel very sick. Something hits you but does no damage.
You are more poisoned.
You closely miss something.
* * * LOW HITPOINT WARNING * * *
You feel very sick. Something hits you.
You die...

## ######## ..
#......# .###
#......# ...
###.....(######.#
.(.......##....###
###.....)).....oo#
#.....))..(..#{#
#.....†..o##.#@#
#.........##.#.#
#............#.#
............####.#
......###...####.#
......##......##.#
......##......##..
......##......###.
......###...#####.###


You could see 2 orcs.

Vanquished Creatures
  A centaur (D:4)
  Jessica (D:3)
  An iguana (D:4)
  An orc wizard (D:3)
  Terence (D:3)
  10 gnolls
  5 adders
  2 oozes
  An adder zombie (D:2)
  2 worms (D:2)
  3 dart slugs
  4 leopard geckos
  7 orcs
  A ball python (D:1)
  A bat zombie (D:2)
  7 giant cockroaches
  5 goblins (D:1)
  7 hobgoblins
  6 jackals
  6 bats
  3 frilled lizards
  A jackal skeleton (D:2)
  4 kobolds
  A leopard gecko skeleton (D:2)
  7 rats
88 creatures vanquished.

Vanquished Creatures (others)
  A hobgoblin (D:3)
  8 plants (D:1)
  5 withered plants (D:2)
14 creatures vanquished.

Grand Total: 102 creatures vanquished

Notes
Turn   | Place    | Note
-------+----------+-------------------------------------------
     0 | D:1      | ubername the Barachi Berserker began the quest for the Orb.
     0 | D:1      | Reached XP level 1. HP: 18/18 MP: 1/1
    60 | D:1      | Reached skill level 4 in Long Blades
   226 | D:1      | Reached XP level 2. HP: 25/25 MP: 2/2
   632 | D:1      | Reached XP level 3. HP: 28/30 MP: 3/3
   743 | D:1      | Reached ** piety under Trog
  1147 | D:2      | Reached XP level 4. HP: 17/37 MP: 4/4
  1327 | D:2      | Reached skill level 5 in Long Blades
  1668 | D:2      | Reached XP level 5. HP: 37/42 MP: 5/5
  2140 | D:3      | Noticed Jessica
  2154 | D:3      | Killed Jessica
  2552 | D:3      | Reached skill level 6 in Long Blades
  2612 | D:3      | Noticed Terence
  2618 | D:3      | Killed Terence
  2618 | D:3      | Reached *** piety under Trog
  2634 | D:3      | Reached XP level 6. HP: 33/48 MP: 6/6
  3789 | D:4      | Reached skill level 1 in Shields
  3798 | D:4      | Reached skill level 7 in Long Blades
  3798 | D:4      | Reached XP level 7. HP: 17/55 MP: 7/7
  3827 | D:4      | HP: 2/55 [poisoned by an orc wizard]
  3827 | D:4      | Slain by an orc wizard

Illustrated notes

Levels and vault maps discovered:
D:1:      amcnicky_arrival_blooded_trapdoor, layout_rooms,
          chequers_serial_rivers_large_a, serial_bayou_lagoon_b
D:2:      layout_basic, serial_undead, serial_undead_c, serial_undead_e,
          serial_undead_a, serial_undead_c, grunt_decor_junction
D:3:      layout_loops_corners, dk_vineyard_1, hex_medium, nrook_mini_vaults,
          uniq_jessica, uniq_terence
D:4:      layout_basic, minmay_temple_entry_water_ring, amcnicky_altar_gilded

Skill      XL: |  1  2  3  4  5  6 |
---------------+-------------------+-----
Long Blades    | 4 5 6 7 |  7.1
Fighting       | 4 |  4.8
Dodging        | 3 |  3.5
Armour         | 3 |  3.8
Shields        | 1 |  1.0
Stealth        | |  0.8

Action                   |  1- 3 |  4- 6 |  7- 9 || total
-------------------------+-------+-------+-------++-------
Melee: Falchion          |   138 |   194 |    22 ||   354
Invok: Berserk           |     1 |     3 |       ||     4
 Abil: Hop               |       |       |     1 ||     1
  Use: Scroll            |     1 |     6 |       ||     7
       Potion            |       |     7 |     2 ||     9
 Stab: Sleeping          |     1 |       |       ||     1
Armor: Animal skin       |    10 |       |       ||    10
       Scale mail        |    51 |   101 |    15 ||   167
Dodge: Dodged            |    91 |   115 |    12 ||   218
Block: Buckler           |     5 |    24 |     4 ||    33
       Rpst.: Falchion   |    25 |    39 |     5 ||    69
